cohdb
Replays
Latest Replays
All Replays
Popular Replays
Top Player Replays
Match Explorer
How It Works
Community
CoH3 Stats
Reddit
Sign in to upload your games and track your stats! →
Sign in with Steam
Match 44696045
Unlisted
Match 44696045
Overview
Messages
Build Orders
End
Kettenkrad Recon Vehicle
Construct Infanterie Kompanie
MG 42 Machine Gun Team
GrW 34 Mortar Team
Grenadier Squad
Grenadier Squad
Infanterie Officer Quarters
Construct Luftwaffe Kompanie
Jäger Squad
Luftwaffe Officer Quarters
Grenadier Squad
MG 42 Bunker
Gurkhas_rule
Big_Jesus@_lance>a_lot
一指
Youngjo198
^8Prof. Mcihael
Serial Chiller
rng梦之泪伤
勇敢的心
0
0
Comments
sign in to comment!
No comments posted yet!